 Dungeon Crawl Stone Soup version 0.30-a0-341-g682706514a (webtiles) character file.

Game seed: 15414149247690924932

95 night the Conjurer (level 4, 0/27 HPs)
             Began as a Tengu Reaver on Nov 2, 2022.
             Was a Believer of Zin.
             Slain by a gnoll
             ... wielding a +0 spear
              (2 damage)
             ... on level 3 of the Dungeon.
             The game lasted 00:04:14 (1516 turns).

night the Conjurer (Tengu Reaver)                   Turns: 1516, Time: 00:04:14

Health: 0/27       AC:  3    Str: 22    XL:     4   Next: 65%
Magic:  8/8        EV: 12    Int: 16    God:    Zin [**....]
Gold:   100        SH:  0    Dex: 15    Spells: 4/7 levels left

rFire   . . .      SeeInvis .    o - +10 mace of Extremism {freeze, *Noise rElec Str+4 Int+3}
rCold   . . .      Faith    .    (no shield)
rNeg    . . .      Spirit   .    b - +0 leather armour
rPois   .          Reflect  .    (helmet restricted)
rElec   +          Harm     .    (no cloak)
rCorr   .          Rampage  .    (no gloves)
Will    .....                    (boots unavailable)
Stlth   +.........               f - amulet of regeneration
HPRegen 1.04/turn                j - +6 ring of strength
MPRegen 0.11/turn                (no ring)

@: no status effects
A: beak, talons 3
a: Renounce Religion, Recite, Vitalisation, Donate Gold


You were on level 3 of the Dungeon.
You worshipped Zin.
Zin was pleased with you.
You visited 1 branch of the dungeon, and saw 3 of its levels.

You collected 111 gold pieces.
You donated 11 gold pieces to Zin.

Inventory:

Hand Weapons
 a - a +0 falchion
 o - the +10 mace of Extremism (weapon) {freeze, *Noise rElec Str+4 Int+3}
   (You found it on level 2 of the Dungeon)

   It freezes those it strikes, dealing additional cold damage.
   It can also slow down cold-blooded creatures.
   Str:       It affects your strength (+4).
   Int:       It affects your intelligence (+3).
   rElec:     It insulates you from electricity.
   *Noise:    It may make noises in combat.
Missiles
 d - 36 stones
 l - 11 poisoned darts
Armour
 b - a +0 leather armour (worn)
Jewellery
 f - an amulet of regeneration (around neck)
 j - a +6 ring of strength (left hand)
Scrolls
 c - a scroll of amnesia {unknown}
 i - 3 scrolls of immolation {unknown}
 k - 2 scrolls of enchant weapon {unknown}
 n - 2 scrolls of blinking {unknown}
 p - a scroll of identify {unknown}
 q - a scroll of teleportation {unknown}
 r - 2 scrolls of vulnerability {unknown}
Potions
 e - a potion of curing {unknown}
 g - a potion of haste {unknown}
 h - 2 potions of ambrosia {unknown}
 m - 2 potions of flight {unknown}


   Skills:
 + Level 2.8 Fighting
 + Level 4.0 Long Blades
 + Level 3.1 Dodging
 + Level 2.2 Spellcasting
 + Level 4.8 Conjurations


You had 4 spell levels left.
You knew the following spells:

 Your Spells              Type           Power      Damage    Failure   Level
a - Kiss of Death         Conj/Necr      36%        2d8       9%          1
b - Momentum Strike       Conj/Tloc      18%        3d8       13%         2

Your spell library contained the following spells:

 Spells                   Type           Power      Damage    Failure   Level
 Freeze                   Ice            4%         1d3       24%         1
 Hailstorm                Conj/Ice       9%         3d4       26%         3
 Cigotuvi's Dreadful Rot  Necr/Pois/Air  2%         N/A       34%         2
 Frozen Ramparts          Ice            2%         1d1       56%         3
 Dispel Undead            Necr           1%         3d6       93%         4
 Death Channel            Necr           0%         N/A       100%        6


Dungeon Overview and Level Annotations

Branches:
Dungeon (3/15)

Altars:
Gozag
Zin


Innate Abilities, Weirdness & Mutations

You have a beak for a mouth.
You have claws for feet.


Message History

There is an open door here.
You pay a tithe of 1 gold.
You now have 100 gold pieces (gained 6). 4 gnolls come into view.
The gnoll shouts! x2
The gnoll moves out of view.
An endoplasm comes into view.
Casting: Momentum Strike (safe; 14% risk of failure)
Confirm with . or Enter, or press ? or * to list all spells.
Okay, then.
You aren't carrying any items that you can evoke.
The gnoll shouts!
The gnoll hits you with a +0 halberd!
The gnoll hits you from afar with a +0 spear.
You sock the gnoll! You freeze the gnoll. Your kick misses the gnoll.
Your peck misses the gnoll.
The gnoll is heavily wounded.
The gnoll barely misses you. The gnoll closely misses you.
The gnoll hits you with a +0 halberd! The gnoll closely misses you.
You hit the gnoll. You freeze the gnoll.
You kill the gnoll!
The gnoll hits you from afar with a +0 spear!
* * * LOW HITPOINT WARNING * * *
Your Long Blades skill increases to level 4!
The gnoll attacks as you move away! The gnoll misses you.
You sock the gnoll! You freeze the gnoll.
The gnoll is severely wounded.
The gnoll hits you with a +0 whip.
* * * LOW HITPOINT WARNING * * *
The gnoll barely misses you.
You bludgeon the gnoll!! You freeze the gnoll.
You kill the gnoll!
The gnoll hits you from afar with a +0 spear.
* * * LOW HITPOINT WARNING * * *
Okay, then.
Activating: Recite (10% risk of failure)
Press: ? - help, Dir - look around, f - activate You fail to use your ability.
The gnoll hits you from afar with a +0 spear.
You die...

#.# ##
#.# #.#
#.# #.#
####.#
#....#
+....#
#..)@#
#.##.#
#.##g#
#...g#
###..$.#
##......
#........
#....g...
#......##


You could see 2 gnolls.

Vanquished Creatures
  2 gnolls (D:3)
  2 adders
  4 dart slugs
  4 bats
  3 endoplasms
  2 giant cockroaches
  2 goblins
  6 hobgoblins
  6 kobolds
  3 quokkas
  6 ball pythons
  7 frilled lizards
  2 rats
49 creatures vanquished.

Vanquished Creatures (others)
  A goblin (D:2)
  A kobold (D:2)
2 creatures vanquished.

Grand Total: 51 creatures vanquished

Notes
Turn   | Place    | Note
-------+----------+-------------------------------------------
     0 | D:1      | night the Tengu Reaver began the quest for the Orb.
     0 | D:1      | Reached XP level 1. HP: 12/12 MP: 4/4
   104 | D:1      | Reached XP level 2. HP: 17/17 MP: 6/6
   124 | D:1      | Learned a level 2 spell: Momentum Strike
   310 | D:1      | Reached XP level 3. HP: 22/22 MP: 7/7
   586 | D:2      | Identified the +10 mace of Extremism {freeze, *Noise rElec
                  | Str+4 Int+3}
   614 | D:2      | Found an opulent altar of Gozag.
   939 | D:2      | Found a faded altar of an unknown god.
   955 | D:2      | Prayed at the altar of an unknown god.
   955 | D:2      | Became a worshipper of Zin the Law-Giver
   955 | D:2      | Reached * piety under Zin
  1180 | D:2      | Reached ** piety under Zin
  1258 | D:2      | Reached XP level 4. HP: 27/27 MP: 8/8
  1512 | D:3      | HP: 2/27 [gnoll/+0 spear (9)]
  1516 | D:3      | Slain by a gnoll

Illustrated notes

Levels and vault maps discovered:
D:1:      scummos_arrival_star, layout_rooms
D:2:      layout_basic, basic_altar, dreamdust_ecumenical_altar_statues
D:3:      layout_basic, uniq_crazy_yiuf_cottage

Skill      XL: |  1  2  3  4 |
---------------+-------------+-----
Dodging        | 3 |  3.1
Long Blades    | 4 |  4.0
Fighting       | |  2.8
Spellcasting   | |  2.2
Conjurations   | |  4.8

Action                   |  1- 3 |  4- 6 || total
-------------------------+-------+-------++-------
Melee: Falchion          |    66 |       ||    66
       Kick              |    12 |     1 ||    13
       Peck              |     7 |     1 ||     8
       Mace              |    18 |    11 ||    29
 Cast: Momentum Strike   |     3 |       ||     3
Armor: Leather armour    |    27 |     3 ||    30
Dodge: Dodged            |    59 |     7 ||    66

Table legend: (Time is in decaauts)
 A = Elapsed time spent in this place.
 B = Non-inter-level travel time spent in this place.
 C = Inter-level travel time spent in this place.
 D = Time resting spent in this place.
 E = Time spent auto-exploring this place.
 F = Levels seen in this place.
 G = Mean time per level.
                   A        B        C        D        E       F      G
               +--------+--------+--------+--------+--------+-----+--------+
         Total |   1534 |   1470 |     64 |     43 |   1094 |   3 |  511.3 |
       Dungeon |   1534 |   1470 |     64 |     43 |   1094 |   3 |  511.3 |
               +--------+--------+--------+--------+--------+-----+--------+

Top non-repeatable levels by time:
     D:2: 860 daAuts
     D:1: 477 daAuts
     D:3: 196 daAuts
